 Dungeon Crawl Stone Soup version 0.26-a0-505-g732bf3b8d2 (webtiles) character file.

Game seed: 6555488912386270055

1128 KristoblXynda the Sneak (level 8, -1/60 HPs)
             Began as a Vampire Gladiator on Aug 9, 2020.
             Killed from afar by Ijyb (17 damage)
             ... with an iceblast
             ... on level 5 of the Dungeon.
             The game lasted 00:06:21 (4788 turns).

KristoblXynda the Sneak (Vampire Gladiator)         Turns: 4788, Time: 00:06:22

Health: -1/60      AC:  7    Str: 15    XL:     8   Next: 13%
Magic:  8/8        EV: 14    Int: 10    God:
Gold:   358        SH:  0    Dex: 16    Spells: 7/7 levels left

rFire    . . .     SeeInvis +   a - +0 long sword
rCold    . . .     Faith    .   (no shield)
rNeg     + . .     Spirit   .   h - +0 ring mail
rPois    .         Reflect  .   c - +1 helmet
rElec    .         Harm     .   (no cloak)
rCorr    .                      (no gloves)
MR       .....                  (no boots)
Stlth    +++.......             (no amulet)
HPRegen  0.40/turn              k - ring of positive energy
MPRegen  0.11/turn              (no ring)

@: lethally poisoned (-1 -> -2), regenerating quickly
A: fangs 3, see invisible, unbreathing
a: Exsanguinate


You were on level 5 of the Dungeon.
You visited 1 branch of the dungeon, and saw 5 of its levels.

You collected 358 gold pieces.

Inventory:

Hand Weapons
 a - a +0 long sword (weapon)
Missiles
 d - 3 throwing nets (quivered)
Armour
 c - a +1 helmet (worn)
 h - a +0 ring mail (worn)
Jewellery
 k - a ring of positive energy (left hand)
Wands
 l - a wand of polymorph (9)
Scrolls
 e - a scroll of identify
 i - a scroll of enchant weapon {unknown}
 j - a scroll of teleportation
 m - a scroll of immolation {unknown}
 n - a scroll of remove curse
Potions
 b - 2 potions of flight
 f - a potion of mutation


   Skills:
 - Level 3.7 Fighting
 + Level 5.6 Long Blades
 - Level 2.0 Throwing
 + Level 2.1 Armour
 + Level 6.1 Dodging
 + Level 6.9 Stealth


You had 7 spell levels left.
You didn't know any spells.
Your spell library contained the following spells:

 Spells                   Type           Power        Failure   Level
 Beastly Appendage        Tmut           #.....       58%         1
 Wereblood                Tmut           #.......     73%         2
 Spider Form              Tmut/Pois      #.........   91%         3
 Ice Form                 Ice/Tmut       #.......     100%        4
 Blade Hands              Tmut           #.........   100%        5


Dungeon Overview and Level Annotations

Branches:
Dungeon (5/15)
 Temple: D:4-7

Altars:
Cheibriados
Gozag
Qazlal

Shops:
D:4 }

Annotations:
D:5 Ijyb


Innate Abilities, Weirdness & Mutations

Your natural rate of healing is unusually fast.
You have razor-sharp teeth.
You have supernaturally acute eyesight. (SInv)
You can survive without breathing.


Message History

You hit the gnoll but do no damage.
The gnoll is almost dead.
The gnoll barely misses you.
The gnoll hits you with a +0 spear of venom.
* * * LOW HITPOINT WARNING * * *
You are poisoned.
You hit the gnoll but do no damage. You bite the gnoll.
You kill the gnoll!
You feel sick. The orc completely misses you.
You hit the orc.
The orc is lightly wounded.
You feel sick. The orc hits you but does no damage.
Unknown command.
You hit the orc.
The orc is almost dead.
You feel sick. The orc hits you but does no damage.
You hit the orc.
You kill the orc!
Ijyb zaps a wand.
The mass of ice explodes!
The iceblast engulfs you!
You die...

##.#########.#####.##...
#g###...###..####..#...
#o##.....##....##......
o!#.......#....##.#....
.o.#.......#.....#.#....
g...#....)..##....#<.....
o....##.....###.††.#.##...
......###...## ###..#......
.......####@########.###....
#...)[........###....
#.......g.....#.....#
#.............##.....
#.########'#####..... #..###
##...####.....
#....###.....##......
#....##[......#.##...
#.....#.......#.##...


You could see Ijyb.

Vanquished Creatures
  Eustachio (D:4)
  An ice beast (D:5)
  A phantom (D:5)
  3 ogres (D:5)
  A howler monkey (D:3)
  A quasit (D:3)
  2 orc wizards (D:4)
  An orc priest (D:3)
  A bullfrog skeleton (D:4)
  3 iguanas
  2 worker ants
  A howler monkey skeleton (D:4)
  6 gnolls
  7 adders
  A white imp (D:5)
  An ooze (D:1)
  3 worms
  3 dart slugs
  A leopard gecko (D:3)
  10 orcs
  10 bats
  5 giant cockroaches
  10 goblins
  12 hobgoblins
  6 kobolds
  3 quokkas
  2 ball pythons
  4 frilled lizards
  3 rats
105 creatures vanquished.

Notes
Turn   | Place    | Note
-------+----------+-------------------------------------------
     0 | D:1      | KristoblXynda the Vampire Gladiator began the quest for the
                  | Orb.
     0 | D:1      | Reached XP level 1. HP: 16/16 MP: 1/1
    80 | D:1      | Reached XP level 2. HP: 14/22 MP: 2/2
   555 | D:1      | Reached XP level 3. HP: 27/27 MP: 3/3
   810 | D:2      | Reached skill level 1 in Stealth
  1060 | D:3      | Reached XP level 4. HP: 34/34 MP: 4/4
  1107 | D:3      | Reached XP level 5. HP: 27/40 MP: 5/5
  2327 | D:4      | Noticed Eustachio
  2335 | D:4      | Reached XP level 6. HP: 17/47 MP: 6/6
  2707 | D:4      | HP: 1/47 [Eustachio/+0 rapier (2)]
  2952 | D:4      | Found a snail-covered altar of Cheibriados.
  2952 | D:4      | Found a stormy altar of Qazlal.
  3200 | D:4      | Found Uczunix's Gadget Shop.
  3218 | D:4      | Found an opulent altar of Gozag.
  3284 | D:4      | Killed Eustachio
  3284 | D:4      | Reached skill level 5 in Dodging
  3284 | D:4      | Reached skill level 5 in Stealth
  3284 | D:4      | Reached XP level 7. HP: 38/53 MP: 7/7
  4240 | D:5      | Entered Level 5 of the Dungeon
  4292 | D:5      | Reached skill level 5 in Long Blades
  4321 | D:5      | Reached skill level 1 in Armour
  4589 | D:5      | Reached XP level 8. HP: 55/60 MP: 8/8
  4746 | D:5      | Noticed Ijyb
  4788 | D:5      | Killed from afar by Ijyb

Illustrated notes

Levels and vault maps discovered:
D:1:      nicolae_arrival_memento_mori, layout_loops_ring
D:2:      layout_basic
D:3:      layout_loops_ring
D:4:      layout_layer_cave, minitemple, lemuel_doored_altar, serial_shops,
          nicolae_shop_competitors_out_of_business, uniq_eustachio
D:5:      minmay_opposing_rooms, layout_rooms, zin_statuary,
          uniq_crazy_yiuf_cottage, uniq_ijyb

Skill      XL: |  1  2  3  4  5  6  7 |
---------------+----------------------+-----
Fighting       | 2 3 |  3.7
Throwing       | 2 |  2.0
Stealth        | 1 2 3 5 6 |  6.9
Dodging        | 4 5 6 |  6.1
Long Blades    | 4 5 |  5.6
Armour         | 2 |  2.1

Action                   |  1- 3 |  4- 6 |  7- 9 || total
-------------------------+-------+-------+-------++-------
Melee: Long sword        |    92 |   271 |   110 ||   473
       Bite              |    14 |    37 |    21 ||    72
Throw: Throwing net      |       |     1 |       ||     1
  Use: Scroll            |       |    10 |     1 ||    11
       Potion            |       |     4 |     1 ||     5
 Stab: Sleeping          |       |     2 |     1 ||     3
Armor: Leather armour    |    12 |       |       ||    12
       Ring mail         |    38 |   126 |    32 ||   196
Dodge: Dodged            |    80 |   285 |    79 ||   444
       Rpst.: Long sword |    32 |    87 |    25 ||   144

Table legend: (Time is in decaauts)
 A = Elapsed time spent in this place.
 B = Non-inter-level travel time spent in this place.
 C = Inter-level travel time spent in this place.
 D = Time resting spent in this place.
 E = Time spent auto-exploring this place.
 F = Levels seen in this place.
 G = Mean time per level.
                   A        B        C        D        E       F      G
               +--------+--------+--------+--------+--------+-----+--------+
         Total |   4871 |   4708 |    163 |    925 |   2642 |   5 |  974.2 |
       Dungeon |   4871 |   4708 |    163 |    925 |   2642 |   5 |  974.2 |
               +--------+--------+--------+--------+--------+-----+--------+

Top non-repeatable levels by time:
     D:4: 1782 daAuts
     D:3: 1541 daAuts
     D:1: 598 daAuts
     D:5: 558 daAuts
     D:2: 391 daAuts
